Map: Tours du crépuscule

Players

toulk

  • Race: Protoss Protoss
  • League: Gold
  • Spawn Location: 7:00

zidar - Winner!

  • Race: Zerg Zerg
  • League: Gold
  • Spawn Location: 1:00

VOD

Have the link to the VOD?

Description

Time

  • Played on: June 1, 2016, 2:03 p.m.
  • Length: 9:40
Show
View Real Time Build Order
Export as new Build Order

toulk Protoss 

Build Orders: Nexus First 

Get SALT Encoding   

  12  0:03  Probe (Chrono Boost)  
  13  0:13  Probe (Chrono Boost)  
  14  0:22  Pylon  
  14  0:25  Probe (Chrono Boost)  
  16  0:50  Probe (Chrono Boost)  
  16  1:00  Probe (Chrono Boost)  
  16  1:04  Nexus  
  17  1:13  Gateway  
  17  1:16  Probe (Chrono Boost)  
  18  1:21  Assimilator  
  18  1:27  Probe (Chrono Boost)  
  19  1:39  Probe (Chrono Boost)  
  20  1:50  Pylon  
  20  1:55  Forge  
  20  2:02  Probe (Chrono Boost), Pylon  
  20  2:04  Zealot  
  23  2:09  Assimilator  
  24  2:15  Probe (Chrono Boost)  
  24  2:19  Probe (Chrono Boost)  
  25  2:25  Cybernetics Core  
  25  2:42  Photon Cannon  
  25  2:46  Probe (Chrono Boost)  
  26  2:58  Probe x2 (Chrono Boost)  
  28  3:03  Stalker  
  30  3:11  Stargate  
  30  3:20  Probe (Chrono Boost)  
  30  3:21  Probe (Chrono Boost)  
  32  3:30  Robotics Facility  
  32  3:33  Probe (Chrono Boost)  
  34  3:34  Probe (Chrono Boost)  
  34  3:46  Probe (Chrono Boost)  
  34  3:47  Probe (Chrono Boost)  
  36  3:52  Pylon  
  36  3:53  Void Ray  
  40  3:58  Probe x2 (Chrono Boost)  
  42  4:08  Probe (Chrono Boost)  
  42  4:09  Assimilator  
  43  4:13  Pylon  
  43  4:15  Assimilator  
  43  4:16  Probe (Chrono Boost)  
  44  4:19  Probe (Chrono Boost)  
  45  4:25  Pylon  
  45  4:27  Probe (Chrono Boost)  
  47  4:31  Observer  
  47  4:40  Stargate  
  47  4:43  Probe (Chrono Boost)  
  47  4:44  Probe (Chrono Boost)  
  49  4:56  Probe x2 (Chrono Boost)  
  51  5:05  Gateway x2  
  51  5:07  Gateway  
  51  5:13  Warp Gate  
  51  5:14  Probe x2 (Chrono Boost)  
  53  5:24  Probe (Chrono Boost)  
  54  5:30  Robotics Bay  
  54  5:33  Probe (Chrono Boost), Pylon  
  54  5:35  Probe (Chrono Boost)  
  56  5:49  Probe (Chrono Boost)  
  58  5:50  Probe (Chrono Boost)  
  58  5:54  Void Ray x2 (Chrono Boost)  
  66  6:02  Probe x2  
  66  6:36  Probe  
  66  6:37  Probe  
  68  6:57  Nexus, Pylon  
  68  7:01  Pylon  
  68  7:04  Assimilator  
  68  7:05  Probe x2  
  70  7:09  Assimilator  
  70  7:16  Void Ray x2 (Chrono Boost)  
  78  7:26  Probe x2  
  76  7:52  Probe  
  76  7:53  Probe  
  76  7:54  Void Ray x2 (Chrono Boost)  
  82  8:05  Zealot x2  
  86  8:08  Colossus  
  86  8:10  Zealot  
  94  8:20  Pylon  
  94  8:22  Pylon  
  94  8:25  Pylon  
  94  8:29  Probe x2  
  94  8:30  Probe  
  97  8:35  Void Ray (Chrono Boost)  
  97  8:38  Void Ray (Chrono Boost)  
  97  8:40  Zealot x3  
  97  8:41  Zealot  
  113  8:48  Twilight Council  
  113  8:51  Probe  
  113  8:52  Probe  
  113  8:55  Probe  
  116  9:05  Mothership Core  
  104  9:13  Zealot x2  
  104  9:14  Zealot x2  
Show
View Real Time Build Order
Export as new Build Order

zidar Zerg - Winner!

Build Orders: Hatch First 

Get SALT Encoding   

  12  0:01  Drone  
  13  0:12  Overlord  
  13  0:17  Drone  
  14  0:30  Drone x2  
  14  0:34  Drone  
  17  0:57  Hatchery  
  17  0:58  Drone  
  17  1:01  Extractor  
  17  1:04  Drone  
  17  1:16  Drone  
  18  1:21  Overlord  
  18  1:35  Spawning Pool  
  18  1:39  Drone  
  18  1:42  Drone  
  19  1:53  Drone  
  20  2:08  Drone  
  21  2:20  Drone x3  
  24  2:24  Queen  
  24  2:25  Queen  
  28  2:37  Overlord  
  28  2:40  Drone x2  
  28  2:44  Extractor  
  29  2:45  Metabolic Boost  
  29  2:52  Drone x2  
  31  3:13  Drone x2  
  31  3:15  Zergling x2  
  31  3:16  Zergling x6  
  37  3:31  Pneumatized Carapace  
  37  3:35  Lair  
  37  4:00  Hatchery  
  36  4:07  Hatchery  
  36  4:09  Drone x5  
  40  4:10  Roach Warren  
  39  4:30  Spore Crawler  
  38  4:34  Spore Crawler  
  37  4:41  Hydralisk Den  
  36  4:49  Evolution Chamber  
  36  4:50  Evolution Chamber  
  34  4:56  Queen  
  36  5:06  Zergling x16  
  44  5:13  Extractor  
  43  5:15  Extractor  
  43  5:17  Drone x7  
  49  5:54  Overlord x2  
  49  5:55  Overlord x2  
  49  5:59  Zerg Ground Armor Level 1  
  49  6:13  Drone x2  
  51  6:23  Hydralisk  
  51  6:24  Hydralisk x5  
  63  6:29  Drone x2  
  64  6:42  Drone x5  
  69  6:53  Roach x2  
  69  6:54  Roach  
  75  6:59  Muscular Augments  
  75  7:01  Zerg Missile Weapons Level 1  
  75  7:17  Overseer  
  75  7:21  Roach x2  
  79  7:23  Overlord  
  79  7:24  Overlord x2  
  79  7:34  Glial Reconstitution  
  79  7:42  Roach x4  
  87  8:00  Hydralisk x8  
  103  8:18  Overlord  
  103  8:19  Overlord x3  
  103  8:20  Overlord  
Tags
 
Add a new tag
Caveats
  • Supply blocks, unpowered buildings, or Contaminate may cause inaccurate times.
  • Supply counts are checked every 10 seconds.